 Dungeon Sprint DCSS version 0.29.1-2-gbd0b4ee654 (webtiles) character file.

Game seed: 15465954829441895502

1773 Groucho the Fighter (level 8, -6/83 HPs)
             Began as a Minotaur Fighter on Nov 28, 2022.
             Was a Believer of Wu Jian.
             Mangled by a green ugly thing (12 damage)
             ... in the Dungeon (Sprint IX: "|||||||||||||||||||||||||||||").
             The game lasted 00:03:33 (1229 turns).

Groucho the Fighter (Minotaur Fighter)              Turns: 1229, Time: 00:03:34

Health: -6/83      AC: 19    Str: 22    XL:     8   Next: 80%
Magic:  7/7        EV: 10    Int:  5    God:    Wu Jian [**....]
Gold:   0          SH: 13    Dex: 11    Spells: 7/7 levels left

rFire   . . .      SeeInvis .   a - +0 long sword
rCold   . . .      Faith    .   d - +2 kite shield
rNeg    . . .      Spirit   .   o - +0 plate armour
rPois   .          Reflect  .   (helmet restricted)
rElec   .          Harm     .   m - +0 cloak
rCorr   .          Rampage  .   (no gloves)
Will    .....      NoTele   +   (no boots)
Stlth   ..........              (no amulet)
HPRegen 0.23/turn               c - +2 ring of protection
MPRegen 0.10/turn               n - +2 ring of evasion

@: lethally poisoned (-6 -> -10)
A: horns 2, retaliatory headbutt
a: Renounce Religion, Wall Jump


You were in the Dungeon.
You worshipped Wu Jian.
Wu Jian was pleased with you.
You visited 1 branch

Inventory:

Hand Weapons
 a - a +0 long sword (weapon)
 k - a +4 whip of freezing
Armour
 d - a +2 kite shield (worn)
 m - a +0 cloak (worn)
 o - a +0 plate armour (worn)
Jewellery
 c - a +2 ring of protection (left hand)
 n - a +2 ring of evasion (right hand)
Wands
 l - a wand of roots (10)
Scrolls
 i - 2 scrolls of amnesia
 j - 2 scrolls of blinking
Potions
 h - 4 potions of magic


   Skills:
 + Level 12.1 Fighting
 + Level 10.8 Long Blades
 + Level 12.0 Armour
 + Level 7.2 Dodging
 + Level 11.7 Shields


You had 7 spell levels left.
You didn't know any spells.
Your spell library was empty.

Dungeon Overview and Level Annotations

Branches:
Dungeon (1/1)

Altars:
Cheibriados
Dithmenos
Elyvilon
Fedhas
Gozag
Hepliaklqana
Kikubaaqudgha
Makhleb
Nemelex Xobeh
Okawaru
Qazlal
Ru
Sif Muna
Trog
Uskayaw
Vehumet
Wu Jian
Xom
Yredelemnul
Zin
The Shining One
Jiyva
Lugonu


Innate Abilities, Weirdness & Mutations

You have a pair of horns on your head.
You reflexively headbutt those who attack you in melee.


Message History

You feel better. The green ugly thing headbutts you!
You are poisoned.
The green ugly thing poisons you!
* * * LOW HITPOINT WARNING * * *
You feel very sick.
You feel very sick.
You hit the green ugly thing but do no damage.
The green ugly thing is lightly wounded.
You feel very sick.
The boulder beetle curls into a ball and begins rolling!
The green ugly thing headbutts you but does no damage.
Okay, then.
There is nothing to wall jump against here.
Unknown command.
You slash the green ugly thing!
Your headbutt misses the green ugly thing.
The green ugly thing is moderately wounded.
You feel sick.
You block the green ugly thing's attack.
You barely miss the green ugly thing.
The green ugly thing is moderately wounded.
You feel sick.
The boulder beetle stops rolling and uncurls.
The green ugly thing headbutts you.
* * * LOW HITPOINT WARNING * * *
Unknown command.
Unknown command.
You hit the green ugly thing.
The green ugly thing is moderately wounded.
You feel sick.
The boulder beetle leaps!
The green ugly thing barely misses you. You furiously retaliate!
You headbutt the green ugly thing! You closely miss the green ugly thing.
The green ugly thing is heavily wounded.
You feel sick.
You block the green ugly thing's attack.
You hit the green ugly thing but do no damage.
The green ugly thing is heavily wounded.
You feel sick. The green ugly thing headbutts you!
You die... ▓▓▓▓▓▓▓▓▓▓▓▓▓▓▓▓▓▓▓▓▓▓▓▓▓▓ ..B..Ducu@..))..[[..)..'__ ▓▓▓▓▓▓▓▓▓▓▓▓▓▓▓▓▓▓▓▓▓▓▓▓▓▓

You could see a boulder beetle, 2 ugly things, a centaur warrior and an acid dragon.

Vanquished Creatures
  A salamander (shapeshifter) (D)
  2 shadows (D)
  A wraith (D)
  A black bear (D)
  An ice beast (D)
  A centaur (D)
  A gnoll sergeant (D)
  A wight (D)
  An orc wizard (D)
  An adder (D)
  An endoplasm (D)
  A quokka (D)
  A ball python (D)
  2 kobolds (D)
16 creatures vanquished.

Vanquished Creatures (others)
  A two-headed ogre (D)
1 creature vanquished.

Grand Total: 17 creatures vanquished

Notes
Turn   | Place    | Note
-------+----------+-------------------------------------------
     0 | D        | Groucho the Minotaur Fighter began the quest for the Orb.
     0 | D        | Reached XP level 1. HP: 19/19 MP: 0/0
    27 | D        | Noticed a gnoll sergeant
    27 | D        | Noticed a black bear
    27 | D        | Noticed an ice beast
    27 | D        | Noticed a centaur
    34 | D        | Killed a centaur
    35 | D        | Reached XP level 2. HP: 31/31 MP: 1/1
    35 | D        | Reached XP level 3. HP: 38/38 MP: 2/2
    35 | D        | Reached XP level 4. HP: 45/45 MP: 3/3
    40 | D        | Killed an ice beast
    41 | D        | Reached skill level 5 in Long Blades
    41 | D        | Reached XP level 5. HP: 42/53 MP: 4/4
    42 | D        | Killed a black bear
    53 | D        | Reached XP level 6. HP: 16/63 MP: 5/5
   496 | D        | Found a snail-covered altar of Cheibriados.
   496 | D        | Found a shadowy altar of Dithmenos.
   496 | D        | Found a white marble altar of Elyvilon.
   496 | D        | Found a blossoming altar of Fedhas.
   496 | D        | Found an opulent altar of Gozag.
   497 | D        | Found a hazy altar of Hepliaklqana.
   498 | D        | Found a viscous altar of Jiyva.
   499 | D        | Found an ancient bone altar of Kikubaaqudgha.
   500 | D        | Found a corrupted altar of Lugonu.
   501 | D        | Found a burning altar of Makhleb.
   502 | D        | Found a sparkling altar of Nemelex Xobeh.
   503 | D        | Found an iron altar of Okawaru.
   504 | D        | Found a stormy altar of Qazlal.
   505 | D        | Found a sacrificial altar of Ru.
   506 | D        | Found a shimmering blue altar of Sif Muna.
   507 | D        | Found a bloodstained altar of Trog.
   508 | D        | Found a hide-covered altar of Uskayaw.
   509 | D        | Found a radiant altar of Vehumet.
   510 | D        | Found an ornate altar of the Wu Jian Council.
   511 | D        | Found a shimmering altar of Xom.
   512 | D        | Found a basalt altar of Yredelemnul.
   513 | D        | Found a glowing silver altar of Zin.
   514 | D        | Found a glowing golden altar of the Shining One.
   518 | D        | Became a worshipper of the Wu Jian Council
   588 | D        | Noticed a shadow
   588 | D        | Noticed a shadow
   588 | D        | Noticed a wraith
   588 | D        | Noticed a two-headed ogre
   605 | D        | Killed a two-headed ogre
   606 | D        | Reached skill level 10 in Fighting
   606 | D        | Reached skill level 10 in Armour
   606 | D        | Reached skill level 5 in Dodging
   606 | D        | Reached skill level 10 in Shields
   606 | D        | Reached XP level 7. HP: 27/73 MP: 6/6
   620 | D        | Killed a wraith
   621 | D        | Reached XP level 8. HP: 33/82 MP: 7/7
   631 | D        | Reached * piety under Wu Jian
   637 | D        | Reached skill level 10 in Long Blades
  1195 | D        | Noticed a purple ugly thing
  1195 | D        | Noticed a boulder beetle
  1195 | D        | Noticed a centaur warrior
  1195 | D        | Noticed a green ugly thing
  1195 | D        | Noticed a salamander
  1208 | D        | Killed a salamander
  1208 | D        | Reached ** piety under Wu Jian
  1229 | D        | Mangled by a green ugly thing

Illustrated notes

Levels and vault maps discovered:
D:        linesprint [early_d, line_temple, items_1, d_10, items_2, lair_1,
          lair_end, items_3, orc_1, orc_end, items_4, d_15, swamp_1, shoals_1,
          snake_1, spider_1, d_20, vaults_1, items_5, swamp_end, shoals_end,
          snake_end, spider_end, vaults_end, d_27, items_6, zot_1, zot_end,
          crypt_end, forest_end, elf_end, slime_end, tomb_end, abyss_end,
          pan_hell_end]

Skill      XL: |  1  2  3  4  5  6  7  8 |
---------------+-------------------------+-----
Fighting       | 6 7 9 10 11 12 | 12.1
Armour         | 6 7 9 10 11 12 | 12.0
Shields        | 6 7 8 10 11 | 11.7
Long Blades    | 4 5 7 9 10 | 10.8
Dodging        | 5 7 |  7.2

Action                   |  1- 3 |  4- 6 |  7- 9 || total
-------------------------+-------+-------+-------++-------
Melee: Long sword        |    13 |    30 |    66 ||   109
       Headbutt          |     1 |     7 |    10 ||    18
Invok: Lunge             |       |       |     1 ||     1
  Use: Potion            |     3 |     4 |     5 ||    12
 Stab: Invisible         |       |     3 |       ||     3
Armor: Scale mail        |    10 |     6 |       ||    16
       Plate armour      |       |     2 |    17 ||    19
Dodge: Dodged            |    12 |     6 |    17 ||    35
Block: Buckler           |     2 |     2 |       ||     4
       Kite shield       |       |    10 |    36 ||    46
